 Dungeon Crawl Stone Soup version 0.31-a0-1626-g5cb510d322 (webtiles) character file.

Game seed: 7904265756340156598

88268 experimilk the Deadly Accurate (level 15, -9/161 HPs)
             Began as a Troll Gladiator on Jan 12, 2024.
             Was a High Priest of Wu Jian.
             Mangled by Saint Roka
             ... wielding a +0 great sword
              (12 damage)
             ... on level 2 of the Orcish Mines.
             The game lasted 01:05:29 (22644 turns).

experimilk the Deadly Accurate (Troll Gladiator)   Turns: 22644, Time: 01:05:30

Health: -9/161     AC:  6    Str: 32    XL:     15   Next: 46%
Magic:  14/14      EV: 21    Int:  4    God:    Wu Jian [*****.]
Gold:   3438       SH:  0    Dex: 11    Spells: 14/14 levels left

rFire   . .          .
                       - Unarmed
rCold   . . .        (no shield)
rNeg    . . .        N - +0 troll leather armour
rPois   .            b - +1 hat
rElec   .            y - scarf {repulsion}
rCorr   .            (gloves unavailable)
SInv    +            (boots unavailable)
Will    +....        (no amulet)
Stlth   +            M - ring of see invisible
HPRegen 2.06/turn    E - +5 ring of evasion
MPRegen 0.14/turn

%: repel missiles
@: exhausted, in a heavenly storm, glowing, studying 2 skills
A: large, unfitting armour, claws 3, regeneration 1, shaggy fur 1, tough skin 1
a: Renounce Religion, Wall Jump, Serpent's Lash, Heavenly Storm


You were on level 2 of the Orcish Mines.
You worshipped Wu Jian.
Wu Jian was extremely pleased with you.
You visited 4 branches of the dungeon, and saw 19 of its levels.
You also visited: Bailey and Volcano.

You collected 3534 gold pieces.
You spent 96 gold pieces at shops.

Inventory:

Missiles
 a - 6 poisoned darts (quivered)
 c - 4 javelins
 q - 5 throwing nets
 x - 17 boomerangs
 z - 2 large rocks
Armour
 b - a +1 hat (worn)
 y - a scarf of repulsion (worn)
 N - a +0 troll leather armour (worn)
Jewellery
 f - a ring of protection from cold
 s - a ring of positive energy
 E - a +5 ring of evasion (right claw)
 G - a ring of resist corrosion
 M - a ring of see invisible (left claw)
Wands
 h - a wand of flame (8)
 o - a wand of iceblast (6)
 u - a wand of charming (14)
 B - a wand of mindburst (54)
 J - a wand of polymorph (6)
Scrolls
 e - 5 scrolls of revelation
 g - 4 scrolls of teleportation
 k - 2 scrolls of enchant armour
 m - a scroll of silence {unknown}
 p - 2 scrolls of fear
 r - 2 scrolls of vulnerability
 v - a scroll of poison
 F - a scroll of fog
Potions
 j - 12 potions of curing
 l - 4 potions of haste
 n - 2 potions of ambrosia
 w - a potion of invisibility
 H - a potion of enlightenment
 I - 3 potions of cancellation


   Skills:
 + Level 13.2 Fighting
 - Level 17.0 Throwing
 - Level 10.0 Dodging
 - Level 15.4 Unarmed Combat


You had 14 spell levels left.
You didn't know any spells.
Your spell library contained the following spells:

 Spells                   Type           Power      Damage    Failure   Level
 Freeze                   Ice            0%         1d3       54%         1
 Necrotise                Necr           0%         1d4       54%         1
 Sandblast                Erth           0%         2d4       54%         1
 Blink                    Tloc           0%         N/A       67%         2
 Cigotuvi's Dreadful Rot  Necr/Alch/Air  0%         N/A       67%         2
 Ensorcelled Hibernation  Hex/Ice        0%         N/A       67%         2
 Lesser Beckoning         Tloc           0%         N/A       67%         2
 Mercury Vapours          Alch/Air       0%         N/A       67%         2
 Momentum Strike          Conj/Tloc      0%         3d8       67%         2
 Frozen Ramparts          Ice            0%         1d1       88%         3
 Fugue of the Fallen      Necr           0%         N/A       88%         3
 Hailstorm                Conj/Ice       0%         3d5       88%         3
 Mephitic Cloud           Conj/Alch/Air  0%         N/A       88%         3
 Ozocubu's Armour         Ice            0%         N/A       88%         3
 Passwall                 Erth           0%         N/A       88%         3
 Stone Arrow              Conj/Erth      0%         3d7       88%         3
 Summon Ice Beast         Ice/Summ       0%         N/A       88%         3
 Swiftness                Air            0%         N/A       88%         3
 Vampiric Draining        Necr           0%         2d6       88%         3
 Brom's Barrelling Bould  Conj/Erth      0%         2d3       99%         4
 Ignite Poison            Fire/Alch      0%         N/A       99%         4
 Manifold Assault         Tloc           0%         N/A       99%         4
 Martyr's Knell           Necr/Summ      0%         N/A       99%         4
 Curse of Agony           Necr           0%         N/A       100%        5
 Freezing Cloud           Conj/Ice/Air   0%         6-21      100%        5
 Dispersal                Tloc           0%         N/A       100%        6
 Sculpt Simulacrum        Ice/Alch       0%         N/A       100%        6
 Disjunction              Tloc           0%         N/A       100%        8


Dungeon Overview and Level Annotations

Branches:
Dungeon (11/15)            Temple (1/1) D:4            Lair (5/5) D:11
 Shoals (0/4) Lair:3       Spider (0/4) Lair:3        Slime (0/5) Lair:4
    Orc (2/2) D:10            Elf (0/3) Orc:2        Bailey (visited)
Volcano (visited)

Altars:
Ashenzari
Cheibriados
Dithmenos
Elyvilon
Fedhas
Gozag
Hepliaklqana
Kikubaaqudgha
Makhleb
Nemelex Xobeh
Okawaru
Qazlal
Ru
Sif Muna
Trog
Uskayaw
Vehumet
Wu Jian
Xom
Yredelemnul
Zin
The Shining One

Shops:
D:5 (   D:6 *   D:7 *   D:9 :   Orc:1 (   Orc:2 (

Annotations:
Orc:2 Saint Roka


Innate Abilities, Weirdness & Mutations

You are too large for most types of armour.
You have claws for hands.
Your natural rate of healing is unusually fast.
You are covered in fur. (AC +1)
You have tough skin. (AC +1)


Message History

Your supernatural speed expires.
Unknown command.
The air is filled with shimmering golden clouds!
Sifu Cai Fang says: The storm will not cease as long as you keep fighting, disciple!
Saint Roka misses you.
You scratch the orc.
The orc is almost dead.
Saint Roka hits you with a +0 great sword!
* * * LOW HITPOINT WARNING * * *
You eviscerate the orc!!!
You kill the orc!
The Council accepts your kill.
Unknown command.
You barely miss Saint Roka.
Saint Roka is heavily wounded.
Saint Roka calls down the wrath of Beogh upon you.
Beogh smites you!
* * * LOW HITPOINT WARNING * * *
You eviscerate Saint Roka!!!
Saint Roka is severely wounded.
Saint Roka invokes the aid of Beogh against you.
Beogh smites you!
* * * LOW HITPOINT WARNING * * *
You eviscerate Saint Roka!!!
Saint Roka is almost dead.
You scratch Saint Roka but do no damage.
Saint Roka is almost dead.
Saint Roka mumbles some strange prayers to Beogh against you.
Beogh smites you!
* * * LOW HITPOINT WARNING * * *
You claw Saint Roka!
Saint Roka is almost dead.
Saint Roka calls down the wrath of Beogh upon you.
Beogh smites you!
* * * LOW HITPOINT WARNING * * *
You scratch Saint Roka but do no damage.
Saint Roka is almost dead.
Saint Roka hits you with a +0 great sword!
You die...
Saint Roka roars, "Praise to Beogh!"

##...).#.8#.# ##.
#.....)####.# #..
##.#.#.)....# ##.
#.........#.# ###
###.#.........# ##.#
##.####.......## ##...
#...#§°○........ #....
###.##§○○........##....
#...○○@o○..............
#..#####☼.#............
##.## ##.##...........
##..# #..####........
#...# #...##.........
##..# #...#..........
##.## ##..............
#..##+##...............
#.o....................


You could see Saint Roka.

Vanquished Creatures
  Jorgrun (Orc:1)
  Rupert (Orc:2)
  A stone giant (Volcano)
  Nessos (Orc:2)
  5 hydras
  A merfolk avatar (Lair:5)
  5 two-headed ogres
  17 death yaks
  Urug (D:10)
  2 orc high priests (Orc:2)
  4 skysharks
  A lindwurm (Lair:1)
  An orc knight (Orc:2)
  A harpy (Lair:5)
  2 orc sorcerers (Orc:2)
  3 manticores
  14 elephants
  2 kobold blastminers (Orc:2)
  2 black mambas
  2 torpor snails
  A kobold demonologist (D:11)
  12 cane toads
  An unseen horror (D:11)
  2 rime drakes (Lair:5)
  Jeremiah (D:6)
  A gargoyle (Volcano)
  An efreet (Volcano)
  10 komodo dragons
  4 trolls
  5 hornets
  7 polar bears
  16 blink frogs
  2 centaur simulacra (D:10)
  2 shadows
  8 wyverns
  A wraith (D:9)
  Eustachio (D:6)
  4 basilisks
  An unseen horror simulacrum (D:10)
  59 yaks
  5 steam dragons
  2 vampires (D:11)
  5 vampire mosquitoes
  13 water moccasins
  2 sky beasts (D:7)
  20 orc warriors
  4 black bears
  6 ice beasts
  5 ogres
  17 wolves
  A centaur (D:6)
  3 kobold brigands
  16 bullfrogs
  2 earth elementals (Volcano)
  11 gnoll sergeants
  5 scorpions
  4 killer bees
  3 electric eels
  6 howler monkeys
  7 crimson imps (D:10)
  A jelly (D:5)
  21 orc priests
  3 hounds
  6 gnoll boudas (Bailey)
  2 sleepcaps
  An iguana (D:4)
  23 orc wizards
  Ijyb (D:3)
  Robin (D:2)
  21 gnolls
  15 adders
  2 shadow imps
  5 white imps
  5 ufetubi
  2 dart slugs
  3 ribbon worms
  108 orcs
  4 ball pythons
  8 bats
  8 endoplasms
  6 giant cockroaches
  27 goblins
  8 hobgoblins
  10 jackals
  28 kobolds
  10 quokkas
  3 frilled lizards
  4 rats
679 creatures vanquished.

Vanquished Creatures (others)
  A gnoll (Bailey)
  An orc (Orc:1)
  A goblin (D:2)
3 creatures vanquished.

Grand Total: 682 creatures vanquished

Notes
Turn   | Place    | Note
-------+----------+-------------------------------------------
     0 | D:1      | experimilk the Troll Gladiator began the quest for the Orb.
     0 | D:1      | Reached XP level 1. HP: 19/19 MP: 0/0
   188 | D:1      | Found a faded altar of an unknown god.
   201 | D:1      | Reached XP level 2. HP: 27/27 MP: 1/1
   364 | D:1      | Reached XP level 3. HP: 33/33 MP: 2/2
   810 | D:2      | Noticed Robin
   830 | D:2      | Killed Robin
   853 | D:2      | Reached XP level 4. HP: 38/41 MP: 3/3
   854 | D:2      | Reached skill level 5 in Unarmed Combat
   917 | D:2      | Found a shadowy altar of Dithmenos.
  1615 | D:3      | Reached XP level 5. HP: 46/48 MP: 4/4
  2228 | D:3      | Noticed Ijyb
  2234 | D:3      | Killed Ijyb
  2435 | D:4      | Noticed an ogre
  2540 | D:4      | Reached XP level 6. HP: 52/55 MP: 5/5
  2620 | D:4      | Found a staircase to the Ecumenical Temple.
  2638 | Temple   | Entered the Ecumenical Temple
  2683 | D:4      | Found the +8 whip "Snakebite" {venom, curare, rPois}
  2692 | D:4      | Found a glowing golden altar of the Shining One.
  3257 | Temple   | Became a worshipper of the Wu Jian Council
  3278 | D:5      | Entered Level 5 of the Dungeon
  3401 | D:5      | Reached XP level 7. HP: 62/62 MP: 6/6
  3549 | D:5      | Noticed a shadow
  3581 | D:5      | Killed a shadow
  3607 | D:5      | Found Dirphaiw's Weapon Boutique.
  3856 | D:5      | Reached * piety under Wu Jian
  3870 | D:5      | Reached XP level 8. HP: 57/70 MP: 7/7
  4046 | D:5      | Found a basalt altar of Yredelemnul.
  4049 | D:5      | Found a blossoming altar of Fedhas.
  4052 | D:5      | Found an opulent altar of Gozag.
  4062 | D:5      | Found a bloodstained altar of Trog.
  4085 | D:5      | Reached skill level 10 in Unarmed Combat
  4214 | D:5      | Reached skill level 2 in Throwing
  4278 | D:5      | Reached skill level 3 in Throwing
  4377 | D:6      | Noticed Jeremiah
  4381 | D:6      | Killed Jeremiah
  4382 | D:6      | Reached skill level 4 in Throwing
  4517 | D:6      | Noticed Eustachio
  4548 | D:6      | Killed Eustachio
  4706 | D:6      | Found Ziepro's General Store.
  4711 | D:6      | Bought 2 boomerangs for 48 gold pieces
  4711 | D:6      | Bought a scroll of fog for 48 gold pieces
  4734 | D:6      | Reached ** piety under Wu Jian
  4768 | D:6      | Reached skill level 5 in Throwing
  4818 | D:6      | Reached skill level 5 in Dodging
  4818 | D:6      | Reached XP level 9. HP: 76/76 MP: 8/8
  5875 | D:7      | Found Difef's Mass Market.
  5879 | D:7      | Reached skill level 6 in Throwing
  6107 | D:7      | Found a sparkling altar of Nemelex Xobeh.
  6630 | D:8      | Reached skill level 7 in Throwing
  6678 | D:8      | Found a flagged portal.
  6702 | Bailey   | Entered a bailey
  7116 | Bailey   | Reached *** piety under Wu Jian
  7129 | Bailey   | Reached skill level 8 in Throwing
  7303 | Bailey   | Identified the +1 spear of the Curious Quests {venom,
                  | Int+5}
  7560 | Bailey   | Reached XP level 10. HP: 45/85 MP: 9/9
  7580 | Bailey   | HP: 5/127 [gnoll bouda/+0 trident (6)]
  7582 | Bailey   | HP: 2/127 [gnoll bouda/+0 trident (2)]
  8797 | D:8      | Reached skill level 9 in Throwing
  8840 | D:8      | Noticed a two-headed ogre
  8846 | D:8      | Killed a two-headed ogre
  8996 | D:8      | Found a white marble altar of Elyvilon.
  9149 | D:8      | Found a burning altar of Makhleb.
  9170 | D:8      | Paralysed by a hornet for 2 turns
  9456 | D:8      | Reached skill level 10 in Throwing
  9760 | D:8      | Reached XP level 11. HP: 92/92 MP: 10/10
  9761 | D:8      | Reached skill level 15 in Unarmed Combat
  9761 | D:8      | Reached XP level 12. HP: 100/100 MP: 11/11
  9768 | D:9      | Identified 2 scrolls of acquirement
  9768 | D:9      | Acquired a manual of Throwing
  9770 | D:9      | Acquired 1069 gold pieces
  9907 | D:9      | Reached **** piety under Wu Jian
 10004 | D:9      | Found Naeniluc's Book Boutique.
 10208 | D:9      | Reached skill level 10 in Dodging
 10473 | D:10     | Entered Level 10 of the Dungeon
 10499 | D:10     | Found an ancient bone altar of Kikubaaqudgha.
 10505 | D:10     | Found a sacrificial altar of Ru.
 10513 | D:10     | Noticed a two-headed ogre
 10523 | D:10     | Killed a two-headed ogre
 10721 | D:10     | Noticed a two-headed ogre
 10727 | D:10     | Killed a two-headed ogre
 10728 | D:10     | Reached skill level 11 in Throwing
 11342 | D:10     | Reached skill level 12 in Throwing
 11342 | D:10     | Reached XP level 13. HP: 84/113 MP: 12/12
 11370 | D:10     | Noticed Urug
 11381 | D:10     | Killed Urug
 11453 | D:10     | Found a staircase to the Orcish Mines.
 11698 | D:10     | Found a burning altar of Makhleb.
 11699 | D:10     | Noticed an Executioner
 12092 | D:10     | Reached skill level 13 in Throwing
 12378 | D:11     | Found a staircase to the Lair.
 12479 | D:11     | Reached ***** piety under Wu Jian
 12920 | Lair:1   | Entered Level 1 of the Lair of Beasts
 13020 | Lair:1   | Reached skill level 14 in Throwing
 13150 | Lair:1   | Reached skill level 5 in Fighting
 13223 | Lair:1   | Found a dark tunnel.
 13232 | Volcano  | Entered a volcano
 13248 | Volcano  | Noticed a stone giant
 13257 | Volcano  | Killed a stone giant
 13780 | Lair:1   | Reached skill level 15 in Throwing
 16062 | Lair:2   | Identified the +4 demon whip "Facoh" {venom, rElec Dex+4}
 16324 | Lair:3   | Reached XP level 14. HP: 118/137 MP: 13/13
 16495 | Lair:3   | Found a staircase to the Shoals.
 16604 | Lair:3   | Found a hole to the Spider Nest.
 16765 | Lair:3   | Reached skill level 10 in Fighting
 17482 | Lair:4   | Reached skill level 16 in Throwing
 17522 | Lair:4   | Found a staircase to the Slime Pits.
 18299 | Lair:5   | Entered Level 5 of the Lair of Beasts
 18498 | Lair:5   | Reached skill level 17 in Throwing
 19070 | Lair:5   | Reached XP level 15. HP: 63/154 MP: 14/14
 20730 | Orc:1    | Entered Level 1 of the Orcish Mines
 20776 | Orc:1    | Found Xaojuc's Weapon Emporium.
 20795 | Orc:1    | Noticed Jorgrun
 21088 | Orc:1    | Killed Jorgrun
 21429 | Orc:2    | Entered Level 2 of the Orcish Mines
 21429 | Orc:2    | Found a staircase to the Elven Halls.
 21644 | Orc:2    | Found Exuguc's Weapon Boutique.
 21732 | Orc:2    | Noticed Nessos
 21743 | Orc:2    | Killed Nessos
 21747 | Orc:2    | Reached ****** piety under Wu Jian
 22101 | Orc:2    | Noticed Rupert
 22112 | Orc:2    | Paralysed by Rupert for 5 turns
 22118 | Orc:2    | Killed Rupert
 22557 | Orc:2    | Noticed Saint Roka
 22643 | Orc:2    | HP: 1/161 [Saint Roka/divine providence (10)]
 22644 | Orc:2    | Mangled by Saint Roka

Illustrated notes

Levels and vault maps discovered:
D:1:      dpeg_arrival_stone_temple_mockup, layout_basic,
          hellmonk_ecumenical_altar_run_dry, minmay_misc_feat_ornament
D:2:      wad_woods_stonehenge, layout_basic, uniq_robin
D:3:      layout_basic, nicolae_the_louvre, uniq_ijyb
D:4:      layout_rooms, overflow_temple_1_default, minmay_temple_entry_offerings
D:5:      kennysheep_kobold_camp, layout_rooms,
          grunt_temple_overflow_cloverleaf, serial_shops,
          nicolae_shop_pleasant_corner_grove, minmay_manual_monstrance
D:6:      lemuel_ice_spiral_2, layout_basic, serial_shops,
          nicolae_shop_tiny_real_fake_doors, minmay_between, uniq_jeremiah,
          uniq_eustachio
D:7:      layout_loops_cross, amcnicky_altar_gilded, roderic_roman_lattice,
          minmay_shop_mass
D:8:      layout_loops_cross, elyvilon_altar_1, enter_bailey_5, minivault_25,
          st_stairs_14, minmay_ruined_shrine
D:9:      layout_roguey, serial_shops, nicolae_square_shop
D:10:     layout_small_grid, nicolae_ru_awakened_eye,
          mainiacjoe_overflow_boulevard, makhleb_altar_promises_db, orc_0_dummy,
          serial_ice, serial_ice_d, serial_ice_b, serial_ice_o, serial_ice_f,
          serial_ice_e, serial_ice_g, serial_ice_m, serial_ice_n,
          minmay_nine_imps, uniq_urug
D:11:     layout_roguey, dpeg_lair_monsters
Temple:   chequers_temple_sunken
Lair:1:   layout_chaotic_city, nicolae_volcano_entry_vermiform, minivault_27,
          serial_bayou_pond_e
Lair:2:   minmay_guarded_unrand_snakebite, layout_loops_ring,
          serial_bayou_ford_a, st_stairs_7, grunt_forest_large_clearings,
          infiniplex_staircase_pool_2
Lair:3:   layout_chaotic_city, elwin_shoals_entry_rocks,
          spider_nest_entry_web_field, beast_lair_carwin_3, grunt_megastairs_2,
          lemuel_fruit_fields
Lair:4:   layout_roguey, slime_entry_1, grunt_megastairs_5, serial_bayou_shore_b
Lair:5:   gammafunk_lair_ancient_temple, layout_layer_cave, lemuel_fruit_tree
Orc:1:    layout_caves, serial_shops, nicolae_shop_stone, uniq_jorgrun
Orc:2:    grunt_orc_community_town_hall, layout_diamond_mine,
          grunt_orc_community_big_house_1, grunt_orc_community_big_house_1,
          grunt_orc_community_house_2, grunt_orc_community_house_1,
          grunt_orc_community_house_3, grunt_orc_community_house_3,
          grunt_orc_community_house_1, grunt_orc_community_house_3, uniq_nessos,
          uniq_rupert, uniq_saint_roka

Skill      XL: |  1  2  3  4  5  6  7  8  9 10 11 12 13 14 15 |
---------------+----------------------------------------------+-----
Unarmed Combat | 4 5 6 8 9 10 13 15 | 15.4
Throwing       | 5 8 10 12 15 17 | 17.0
Dodging        | 5 7 9 10 | 10.0
Fighting       | 3 8 11 13 | 13.2

Action                     |  1- 3 |  4- 6 |  7- 9 | 10-12 | 13-15 || total
---------------------------+-------+-------+-------+-------+-------++-------
  Melee: Unarmed           |    93 |   168 |   346 |   220 |   885 ||  1712
         Punch             |     3 |     5 |    14 |    11 |    82 ||   115
  Throw: Dart              |       |     6 |    40 |    42 |   164 ||   252
         Large rock        |       |     2 |     5 |       |    76 ||    83
         Boomerang         |       |       |    50 |    54 |    97 ||   201
         Javelin           |       |       |       |       |     8 ||     8
         Throwing net      |       |       |       |       |     4 ||     4
 Invoke: Serpent's Lash    |       |       |     1 |     2 |    15 ||    18
         Heavenly Storm    |       |       |       |       |     3 ||     3
Ability: Lunge             |       |       |    50 |    31 |   109 ||   190
         Whirlwind         |       |       |    53 |     9 |   102 ||   164
         Wall Jump         |       |       |     1 |     1 |     5 ||     7
  Evoke: Wand              |       |       |     1 |     2 |       ||     3
    Use: Scroll            |       |     6 |     4 |     7 |    19 ||    36
         Potion            |       |       |     1 |     4 |     4 ||     9
   Stab: Sleeping          |       |       |     2 |       |       ||     2
         Distracted        |       |       |     1 |       |       ||     1
         Held in net/web   |       |       |       |       |     4 ||     4
 Armour: Robe              |    52 |    88 |   186 |    98 |    10 ||   434
         Skin              |       |       |       |    27 |       ||    27
         Troll leather arm |       |       |       |       |   299 ||   299
  Dodge: Dodged            |    45 |    70 |   233 |   140 |   384 ||   872
         Repelled          |       |       |       |       |     3 ||     3

Table legend: (Time is in decaauts)
 A = Elapsed time spent in this place.
 B = Non-inter-level travel time spent in this place.
 C = Inter-level travel time spent in this place.
 D = Time resting spent in this place.
 E = Time spent auto-exploring this place.
 F = Levels seen in this place.
 G = Mean time per level.
                   A        B        C        D        E       F      G
               +--------+--------+--------+--------+--------+-----+--------+
         Total |  22307 |  21556 |    751 |   6746 |   9878 |  21 | 1062.2 |
       Dungeon |  12298 |  11947 |    351 |   3836 |   5982 |  11 | 1118.0 |
        Temple |     41 |     23 |     18 |      0 |      0 |   1 |   41.0 |
          Lair |   6776 |   6397 |    379 |   1701 |   2915 |   5 | 1355.2 |
  Orcish Mines |   1607 |   1605 |      2 |    327 |    757 |   2 |  803.5 |
        Bailey |   1248 |   1248 |      0 |    785 |    117 |   1 | 1248.0 |
       Volcano |    334 |    334 |      0 |     95 |    107 |   1 |  334.0 |
               +--------+--------+--------+--------+--------+-----+--------+

Top non-repeatable levels by time:
    D:10: 2112 daAuts
  Lair:2: 1967 daAuts
     D:8: 1638 daAuts
  Lair:5: 1609 daAuts
     D:6: 1484 daAuts
  Bailey: 1248 daAuts
  Lair:1: 1202 daAuts
   Orc:2: 1171 daAuts
    D:11: 1105 daAuts
  Lair:3: 1056 daAuts
     D:3: 1046 daAuts
     D:7: 1019 daAuts
     D:5: 981 daAuts
  Lair:4: 940 daAuts
     D:4: 919 daAuts
